 Dungeon Crawl Stone Soup version 0.30-a0-840-ga523dec638 (webtiles) character file.

Game seed: 15359228723229208439

118 hikkokomori the Digger (level 4, -2/36 HPs)
             Began as a Draconian Earth Elementalist on Mar 2, 2023.
             Slain by a gnoll
             ... wielding a +2 flail of venom
              (8 damage)
             ... on level 3 of the Dungeon.
             The game lasted 00:02:32 (1671 turns).

hikkokomori the Digger (DrEE)                       Turns: 1671, Time: 00:02:33

Health: -2/36      AC:  5    Str: 10    XL:     4   Next: 72%
Magic:  1/7        EV: 12    Int: 18    God:
Gold:   60         SH:  0    Dex: 11    Spells: 6/7 levels left

rFire   . . .      SeeInvis .    p - +0 rapier
rCold   . . .      Faith    .    (no shield)
rNeg    . . .      Spirit   .    (body armour unavailable)
rPois   .          Reflect  .    (helmet restricted)
rElec   .          Harm     .    (no cloak)
rCorr   .          Rampage  .    (no gloves)
Will    .....                    (no boots)
Stlth   ++                       (no amulet)
HPRegen 0.26/turn                (no ring)
MPRegen 0.10/turn                (no ring)

@: lethally poisoned (-2 -> -15), attractive, very slightly contaminated
A: AC +5, unfitting armour, cold-blooded
a: no special abilities


You were on level 3 of the Dungeon.
You visited 1 branch of the dungeon, and saw 3 of its levels.

You collected 60 gold pieces.

Inventory:

Hand Weapons
 p - a +0 rapier (weapon)
Missiles
 a - 3 silver boomerangs
Jewellery
 m - a +4 ring of protection
Scrolls
 b - a scroll of poison {unknown}
 c - 5 scrolls of identify {unknown}
 d - 2 scrolls of blinking {unknown}
 e - a scroll of enchant weapon {unknown}
 g - a scroll of magic mapping {unknown}
 j - a scroll of brand weapon {unknown}
 n - a scroll of teleportation {unknown}
 o - a scroll of acquirement {unknown}
Potions
 f - a potion of brilliance {unknown}
 h - a potion of mutation {unknown}
 i - a potion of invisibility {unknown}
 k - a potion of attraction
 l - a potion of curing {unknown}
 q - a potion of lignification {unknown}


   Skills:
 + Level 2.2 Fighting
 - Level 1.7 Dodging
 + Level 2.8 Stealth
 - Level 2.0 Spellcasting
 - Level 1.0 Transmutations
 * Level 4.4 Earth Magic


You had 6 spell levels left.
You knew the following spells:

 Your Spells              Type           Power      Damage    Failure   Level
a - Sandblast             Erth           34%        2d9       3%          1

Your spell library contained the following spells:

 Spells                   Type           Power      Damage    Failure   Level
 Passwall                 Tmut/Erth      9%         N/A       9%          2
 Stone Arrow              Conj/Erth      18%        3d8       22%         3
 Ensorcelled Hibernation  Hex/Ice        2%         N/A       26%         2
 Spider Form              Tmut/Pois      3%         N/A       41%         3
 Petrify                  Tmut/Erth      11%        N/A       52%         4
 Anguish                  Hex/Necr       0%         N/A       87%         4
 Lehudib's Crystal Spear  Conj/Erth      4%         10d3      100%        8
 Animate Armour           Summ/Erth      Unusable   N/A       N/A         4

Dungeon Overview and Level Annotations

Branches:
Dungeon (3/15)

Altars:


Innate Abilities, Weirdness & Mutations

Your plain brown scales are hard. (AC +5)
You cannot fit into any form of body armour.
You are cold-blooded and may be slowed by cold attacks.


Message History

Press: ? - help, Shift-Dir - straight line, f/p - gnoll
Aim: a gnoll, wielding a +0 spear (84% to hit)
The blast of sand hits the gnoll!
You kill the gnoll!
Casting: Sandblast (safe; 3% risk of failure)
Confirm with . or Enter, or press ? or * to list all spells.
Aiming: Sandblast (safe; 3% risk of failure)
Press: ? - help, Shift-Dir - straight line, f - gnoll
Aim: a gnoll, wielding a +2 flail of venom (84% to hit)
The blast of sand hits the gnoll!
The gnoll is heavily wounded.
The gnoll barely misses you. The gnoll closely misses you.
Casting: Sandblast (safe; 3% risk of failure)
Confirm with . or Enter, or press ? or * to list all spells.
You don't have enough magic to cast this spell.
Unknown command.
Casting: Sandblast (safe; 3% risk of failure)
Confirm with . or Enter, or press ? or * to list all spells.
You don't know that spell.
You barely miss the gnoll.
The gnoll is heavily wounded.
The gnoll hits you with a +2 flail of venom!
You are poisoned.
You hit the gnoll.
You tail-slap the gnoll, but do no damage.
The gnoll is severely wounded.
You feel very sick. The gnoll barely misses you.
You hit the gnoll but do no damage.
The gnoll is severely wounded.
You feel sick.
The gnoll hits you with a +2 flail of venom!
* * * LOW HITPOINT WARNING * * *
You are lethally poisoned!
It was a potion of attraction.
You feel attractive to monsters.
* * * LOW HITPOINT WARNING * * *
You feel very sick.
The gnoll hits you with a +2 flail of venom!
You die...

#.....# #.###.######
#.#...)....#
###.#.##.###.#
#######..........#.#
......†).........>[.
#.#####.#.##<#.....#..
#####.#.#######†.#
#..g@.#.[ ..#
#.##).#.## .. )..#.#
.#. ##.#### <.. .## #.
#.


You could see a gnoll.

Vanquished Creatures
  An orc priest (D:2)
  3 gnolls (D:3)
  2 adders (D:2)
  4 orcs (D:2)
  An endoplasm (D:2)
  A giant cockroach (D:1)
  6 hobgoblins
  6 kobolds
  3 quokkas (D:2)
  2 ball pythons
  5 bats
  2 frilled lizards (D:2)
  4 rats
40 creatures vanquished.

Notes
Turn   | Place    | Note
-------+----------+-------------------------------------------
     0 | D:1      | hikkokomori the Draconian Earth Elementalist began the
                  | quest for the Orb.
     0 | D:1      | Reached XP level 1. HP: 14/14 MP: 3/3
   272 | D:1      | Reached XP level 2. HP: 22/22 MP: 0/5
   622 | D:2      | Reached skill level 1 in Fighting
   783 | D:2      | Reached XP level 3. HP: 28/28 MP: 2/6
  1211 | D:2      | Reached skill level 4 in Earth Magic
  1211 | D:2      | Reached XP level 4. HP: 18/36 MP: 4/7
  1671 | D:3      | Slain by a gnoll

Illustrated notes

Levels and vault maps discovered:
D:1:      wander_arrival_estate, layout_rooms
D:2:      kennysheep_big_flooded_room, layout_basic, st_stairs_9,
          minmay_misc_feat_four_crosses, chequers_serial_rivers_micro_d
D:3:      layout_basic, lemuel_doored_altar,
          dreamdust_ecumenical_altar_hidden_monk_grotto, minmay_misc_feat_rows,
          uniq_robin

Skill      XL: |  1  2  3  4 |
---------------+-------------+-----
Stealth        | 2 |  2.8
Fighting       | 1 2 |  2.2
Earth Magic    | 4 |  4.4
Dodging        | |  1.7
Spellcasting   | |  2.0
Transmutations | |  1.0

Action                     |  1- 3 |  4- 6 || total
---------------------------+-------+-------++-------
  Melee: Unarmed           |     4 |       ||     4
         Rapier            |       |     3 ||     3
         Tailslap          |       |     1 ||     1
   Cast: Sandblast         |    41 |    17 ||    58
    Use: Potion            |     1 |     1 ||     2
 Armour: Skin              |     4 |     2 ||     6
  Dodge: Dodged            |     8 |     9 ||    17

Table legend: (Time is in decaauts)
 A = Elapsed time spent in this place.
 B = Non-inter-level travel time spent in this place.
 C = Inter-level travel time spent in this place.
 D = Time resting spent in this place.
 E = Time spent auto-exploring this place.
 F = Levels seen in this place.
 G = Mean time per level.
                   A        B        C        D        E       F      G
               +--------+--------+--------+--------+--------+-----+--------+
         Total |   1699 |   1656 |     43 |      0 |   1414 |   3 |  566.3 |
       Dungeon |   1699 |   1656 |     43 |      0 |   1414 |   3 |  566.3 |
               +--------+--------+--------+--------+--------+-----+--------+

Top non-repeatable levels by time:
     D:2: 1157 daAuts
     D:1: 480 daAuts
     D:3: 62 daAuts
